 Dungeon Crawl Stone Soup version 0.27-a0-1105-g946c659c87 (webtiles) character file.

Game seed: 14045644812315509921

345 siradein the Slasher (level 6, -8/35 HPs)
             Began as a Tengu Gladiator on May 1, 2021.
             Killed by divine providence
             ... invoked by an orc priest
              (11 damage)
             ... on level 4 of the Dungeon.
             The game lasted 00:06:30 (5039 turns).

siradein the Slasher (Tengu Gladiator)              Turns: 5039, Time: 00:06:30

Health: -8/35      AC:  3    Str: 16    XL:     6   Next: 58%
Magic:  7/7        EV: 15    Int:  9    God:
Gold:   130        SH:  0    Dex: 15    Spells: 5/5 levels left

rFire    . . .     SeeInvis .   a - +0 long sword
rCold    . . .     Faith    .   (no shield)
rNeg     . . .     Spirit   .   b - +0 leather armour
rPois    .         Reflect  .   c - +0 hat
rElec    .         Harm     .   (no cloak)
rCorr    .         Rampage  .   (no gloves)
Will     .....                  (boots unavailable)
Stlth    +.........             (no amulet)
HPRegen  0.11/turn              (no ring)
MPRegen  0.10/turn              (no ring)

@: flying quickly and evasively, quick
A: beak, talons 3, nimble flight
a: no special abilities


You were on level 4 of the Dungeon.
You visited 1 branch of the dungeon, and saw 4 of its levels.

You collected 130 gold pieces.

Inventory:

Hand Weapons
 a - a +0 long sword (weapon)
 s - a +0 hunting sling
Missiles
 d - 3 throwing nets (quivered)
 o - 10 sling bullets
Armour
 b - a +0 leather armour (worn)
 c - a +0 hat (worn)
Jewellery
 g - a ring of fire
 q - an amulet of magic regeneration
Scrolls
 e - 4 scrolls of teleportation {unknown}
 f - 3 scrolls of identify {unknown}
 h - a scroll of noise {unknown}
 i - 2 scrolls of brand weapon {unknown}
 k - a scroll of blinking {unknown}
 l - a scroll of immolation
 m - 2 scrolls of enchant weapon {unknown}
 p - a scroll of enchant armour {unknown}
Potions
 j - a potion of haste
 n - 4 potions of curing {unknown}
 r - a potion of mutation {unknown}


   Skills:
 - Level 2.0 Fighting
 + Level 7.9 Long Blades
 - Level 2.0 Throwing
 - Level 3.2 Dodging


You had 5 spell levels left.
You didn't know any spells.
Your spell library contained the following spells:

 Spells                   Type           Power      Damage    Failure   Level
 Shock                    Conj/Air       0%         1d3       45%         1
 Static Discharge         Conj/Air       0%         N/A       58%         2
 Swiftness                Air            0%         N/A       83%         3
 Airstrike                Air            0%         N/A       99%         4
 Lightning Bolt           Conj/Air       0%         1d11      100%        5


Dungeon Overview and Level Annotations

Branches:
Dungeon (4/15)
 Temple: D:4-7

Altars:

Shops:
D:1 [

Annotations:
D:4 Sigmund


Innate Abilities, Weirdness & Mutations

You have a beak for a mouth.
You have claws for feet.
Your magical nature lets you fly swiftly and evasively.


Message History

You kill the orc wizard!
Sigmund drinks a potion.
Sigmund seems to speed up.
You closely miss the orc. You claw the orc. You peck the orc, but do no damage.
The orc is moderately wounded.
The orc hits you with a +0 dagger.
You hit the orc but do no damage.
The orc is moderately wounded.
The orc closely misses you.
You riposte.
You hit the orc. You claw the orc. You peck the orc, but do no damage.
The orc is almost dead.
You closely miss the orc. You claw the orc, but do no damage.
Your peck misses the orc.
The orc is almost dead.
The orc closely misses you.
You riposte.
You hit the orc.
You kill the orc!
You hit the goblin. You claw the goblin.
You kill the goblin!
Sigmund barely misses you.
You barely miss the orc priest. Sigmund closely misses you.
You hit the orc priest.
The orc priest is moderately wounded.
Sigmund hits you from afar with a +0 scythe!
The orc priest invokes the aid of Beogh against you.
You barely resist.
Sigmund gestures at himself while chanting.
Sigmund flickers and vanishes!
Deactivating autopickup; reactivate with Ctrl-A.
The orc priest invokes the aid of Beogh against you.
You barely resist. Something hits you!
* * * LOW HITPOINT WARNING * * *
The orc priest hits you with a +0 dagger.
* * * LOW HITPOINT WARNING * * *
You see here a +0 short sword.
The orc priest invokes the aid of Beogh against you.
Pain shoots through your body!
* * * LOW HITPOINT WARNING * * *
The orc priest invokes the aid of Beogh against you.
Beogh smites you!
You die...

#.#######
#....)).#
......##o#
..... #.#
.... #.#
... #@# ..
#.# . #.#.#
#.#.# #.#.#
#.#.# #.#.#
#.#.#
#.#.#######


You could see an orc priest.

Vanquished Creatures
  A scorpion (D:3)
  A bullfrog zombie (D:3)
  Ijyb (D:3)
  An orc wizard (D:4)
  Robin (D:2)
  5 adders
  A gnoll (D:1)
  A howler monkey skeleton (D:4)
  3 worms
  2 dart slugs (D:2)
  3 orcs (D:4)
  15 bats
  7 endoplasms
  5 giant cockroaches
  18 goblins
  9 hobgoblins
  13 jackals
  4 quokkas
  5 ball pythons
  A frilled lizard (D:2)
  3 kobolds
  8 rats
108 creatures vanquished.

Vanquished Creatures (others)
  A plant (D:2)
1 creature vanquished.

Grand Total: 109 creatures vanquished

Notes
Turn   | Place    | Note
-------+----------+-------------------------------------------
     0 | D:1      | siradein the Tengu Gladiator began the quest for the Orb.
     0 | D:1      | Reached XP level 1. HP: 12/12 MP: 2/2
    22 | D:1      | Found Toj Gom's Armour Shoppe.
    89 | D:1      | Reached XP level 2. HP: 12/17 MP: 3/3
    91 | D:1      | Reached skill level 4 in Long Blades
   373 | D:1      | Reached XP level 3. HP: 19/21 MP: 4/4
   979 | D:1      | Reached skill level 5 in Long Blades
  1324 | D:2      | Reached XP level 4. HP: 22/26 MP: 5/5
  2079 | D:2      | Found a faded altar of an unknown god.
  2539 | D:2      | Reached skill level 6 in Long Blades
  2540 | D:2      | Noticed Robin
  2556 | D:2      | Killed Robin
  2557 | D:2      | Gained mutation: Your magical nature lets you fly swiftly
                  | and evasively. [Tengu growth]
  2557 | D:2      | Reached XP level 5. HP: 5/30 MP: 6/6
  3809 | D:3      | Noticed Ijyb
  4063 | D:3      | Reached skill level 7 in Long Blades
  4216 | D:3      | Reached XP level 6. HP: 15/35 MP: 7/7
  4476 | D:3      | Killed Ijyb
  5025 | D:4      | Noticed Sigmund
  5039 | D:4      | Killed from afar by an orc priest

Illustrated notes

Levels and vault maps discovered:
D:1:      tarquinn_simple_flora_water_b, layout_loops_ring, serial_shops, shop
D:2:      minmay_thinvault, layout_loops_ring, serial_forest,
          infiniplex_forest_clump_medium, infiniplex_forest_zigzag_2,
          infiniplex_forest_zigzag_1, infiniplex_forest_clump_long,
          infiniplex_forest_zigzag_1, infiniplex_forest_lined_room_2,
          infiniplex_forest_straight_2, infiniplex_forest_side_room,
          infiniplex_forest_end_3, hellmonk_ecumenical_altar_blasted,
          kennysheep_potato, uniq_robin
D:3:      layout_loops_cross, uniq_ijyb
D:4:      layout_basic, bloody_makhleb, grunt_decor_cap, uniq_eustachio,
          uniq_sigmund

Skill      XL: |  1  2  3  4  5 |
---------------+----------------+-----
Long Blades    | 4 5 6 7 |  7.9
Fighting       | |  2.0
Throwing       | |  2.0
Dodging        | |  3.2

Action                   |  1- 3 |  4- 6 || total
-------------------------+-------+-------++-------
Melee: Long sword        |    62 |   128 ||   190
       Kick              |    20 |    43 ||    63
       Peck              |     9 |    22 ||    31
       Unarmed           |       |    18 ||    18
 Fire: Hunting sling     |       |     1 ||     1
 Stab: Sleeping          |     3 |       ||     3
Armor: Leather armour    |    13 |    30 ||    43
       Skin              |       |     1 ||     1
Dodge: Dodged            |    35 |    92 ||   127
       Rpst.: Long sword |    15 |    29 ||    44

Table legend: (Time is in decaauts)
 A = Elapsed time spent in this place.
 B = Non-inter-level travel time spent in this place.
 C = Inter-level travel time spent in this place.
 D = Time resting spent in this place.
 E = Time spent auto-exploring this place.
 F = Levels seen in this place.
 G = Mean time per level.
                   A        B        C        D        E       F      G
               +--------+--------+--------+--------+--------+-----+--------+
         Total |   4907 |   4809 |     98 |    149 |   3927 |   4 | 1226.8 |
       Dungeon |   4907 |   4809 |     98 |    149 |   3927 |   4 | 1226.8 |
               +--------+--------+--------+--------+--------+-----+--------+

Top non-repeatable levels by time:
     D:2: 2295 daAuts
     D:1: 1141 daAuts
     D:3: 1136 daAuts
     D:4: 334 daAuts
